 Dungeon Crawl Stone Soup version 0.30-a0-121-gb27577e5d9 (webtiles) character file.

Game seed: 14563449563670885757

14893 Newt the Spear-Bearer (level 11, 0/84 HPs)
             Began as a Demonspawn Gladiator on Sept 14, 2022.
             Was a Priest of Kikubaaqudgha.
             Slain by a tengu warrior
             ... wielding a +0 long sword
              (5 damage)
             ... on level 12 of the Dungeon.
             The game lasted 00:13:27 (13994 turns).

Newt the Spear-Bearer (Demonspawn Gladiator)       Turns: 13994, Time: 00:13:29

Health: 0/84       AC:  6    Str: 23    XL:     11   Next: 94%
Magic:  18/18      EV: 15    Int: 15    God:    Kikubaaqudgha [***...]
Gold:   652        SH:  0    Dex: 17    Spells: 16/20 levels left

rFire   . . .      SeeInvis .    B - +5 trident of the Building Mosquito {vamp, rPois Str+4 Dex+2}
rCold   . . .      Faith    .    (no shield)
rNeg    . . .      Spirit   .    S - +0 troll leather armour
rPois   +          Reflect  .    (helmet restricted)
rElec   .          Harm     .    (no cloak)
rCorr   .          Rampage  .    (no gloves)
Will    .....                    w - +0 pair of boots
Stlth   ++........               (no amulet)
HPRegen 1.04/turn                i - +6 ring of intelligence
MPRegen 0.16/turn                q - +4 ring of slaying

@: no status effects
A: antennae 1, hooves 2, ignite blood 1, spiny 1, demonic touch 2
a: Renounce Religion, Unearth Wretches


You were on level 12 of the Dungeon.
You worshipped Kikubaaqudgha.
Kikubaaqudgha was most pleased with you.
You visited 2 branches of the dungeon, and saw 13 of its levels.

You collected 652 gold pieces.

Inventory:

Hand Weapons
 a - a +0 rapier
 s - a +4 whip
 v - the +5 trident of Peril {vorpal, rPois SInv}
   (You found it on level 4 of the Dungeon)

   It inflicts extra damage upon your enemies.
   rPois:     It protects you from poison.
   SInv:      It lets you see invisible.
 B - the +5 trident of the Building Mosquito (weapon) {vamp, rPois Str+4 Dex+2}
   (You found it on level 6 of the Dungeon)

   It occasionally heals its wielder for a portion of the damage dealt when it
   wounds a living foe.
   Str:       It affects your strength (+4).
   Dex:       It affects your dexterity (+2).
   rPois:     It protects you from poison.
Missiles
 d - 6 throwing nets (quivered)
 e - a javelin
 o - 36 poisoned darts
Armour
 b - a +1 leather armour
 c - a +0 helmet
 g - +0 fire dragon scales
 u - a +0 buckler
 w - a +0 pair of boots (worn)
 K - +0 steam dragon scales
 S - a +0 troll leather armour (worn)
Jewellery
 i - a +6 ring of intelligence (left hand)
 q - a +4 ring of slaying (right hand)
 t - a ring of protection from fire
 A - a ring of fire
 I - a ring of poison resistance
Wands
 x - a wand of paralysis (10)
 E - a wand of polymorph (12)
 G - a wand of acid (4)
 M - a wand of roots (1)
 R - a wand of flame (19)
Scrolls
 f - 5 scrolls of teleportation
 h - a scroll of amnesia
 m - 3 scrolls of magic mapping
 p - 4 scrolls of immolation
 r - a scroll of butterflies
 y - a scroll of noise
 C - 4 scrolls of enchant weapon
 F - a scroll of poison
 J - 3 scrolls of identify
 O - 2 scrolls of fear
Potions
 j - 2 potions of brilliance
 k - 3 potions of attraction
 l - 6 potions of curing
 n - a potion of flight
 z - 3 potions of might
 D - a potion of magic
 H - a potion of degeneration
 L - a potion of mutation
 N - a potion of lignification
 P - a potion of ambrosia


   Skills:
 - Level 7.0 Fighting
 - Level 4.0 Short Blades
 - Level 10.0 Polearms
 - Level 5.0 Throwing
 + Level 7.1 Armour
 - Level 6.0 Dodging
 - Level 2.0 Stealth
 - Level 4.0 Shields
 - Level 5.0 Spellcasting
 - Level 6.0 Necromancy


You had 16 spell levels left.
You knew the following spells:

 Your Spells              Type           Power      Damage    Failure   Level
a - Animate Dead          Necr           21%        N/A       16%         4

Your spell library contained the following spells:

 Spells                   Type           Power      Damage    Failure   Level
 Necrotise                Necr           84%        1d8       1%          1
 Sublimation of Blood     Necr           21%        N/A       2%          2
 Dispel Undead            Necr           21%        3d11      16%         4
 Static Discharge         Conj/Air       6%         3-4/arc   26%         2
 Agony                    Necr           21%        N/A       38%         5
 Anguish                  Hex/Necr       6%         N/A       45%         4
 Borgnjor's Vile Clutch   Necr/Erth      6%         N/A       82%         5
 Sticky Flame             Conj/Fire      3%         2d3       87%         4
 Death Channel            Necr           10%        N/A       93%         6
 Simulacrum               Ice/Necr       6%         N/A       100%        6


Dungeon Overview and Level Annotations

Branches:
Dungeon (12/15)            Temple (1/1) D:5            Lair (0/5) D:8
    Orc (0/2) D:10

Altars:
Ashenzari
Cheibriados
Dithmenos
Fedhas
Gozag
Hepliaklqana
Kikubaaqudgha
Makhleb
Nemelex Xobeh
Okawaru
Qazlal
Ru
Sif Muna
Trog
Uskayaw
Vehumet
Wu Jian
Xom
Yredelemnul

Shops:
D:6 !   D:8 (   D:9 *   D:10 (


Innate Abilities, Weirdness & Mutations

You have a pair of small antennae on your head.
You have hoof-like feet.
Your demonic aura sometimes causes spilled blood to erupt in flames.
You are partially covered in sharp spines.
Your touch may inflict irresistible damage on your foes.


Message History

Unknown command.
You hit the tengu warrior but do no damage.
Your touch misses the tengu warrior.
The tengu warrior is lightly wounded.
The tengu warrior is engulfed in blazing flames.
The tengu warrior hits you with a +0 long sword!
* * * LOW HITPOINT WARNING * * *
The tengu warrior barely misses you.
The tengu warrior claws you but does no damage.
Throw: 8 throwing nets
Press: ? - help, Q - select action, (/) - cycle Shift-Dir - straight line, f - tengu warrior
Aim: a tengu warrior, wielding a +0 long sword, wearing a +3 ring mail and wearing a +0 buckler (flame, moderately wounded, 52% to hit)
You throw a throwing net.
The throwing net hits the tengu warrior.
The tengu warrior is caught in the net!
The tengu warrior is moderately wounded.
The tengu warrior is engulfed in blazing flames.
The tengu warrior struggles against the net.
You puncture the tengu warrior!
You touch the tengu warrior!
The tengu warrior is almost dead.
The tengu warrior is engulfed in blazing flames.
The tengu warrior struggles against the net.
You hit the tengu warrior.
The tengu warrior is almost dead.
You catch the helpless tengu warrior completely off-guard!
You puncture the tengu warrior!
You kill the tengu warrior!
Kikubaaqudgha accepts your kill.
Your Armour skill increases to level 7!
Throw: 7 throwing nets
Press: ? - help, Q - select action, (/) - cycle Shift-Dir - straight line, f - tengu warrior
Aim: a tengu warrior, wielding a +0 long sword, wearing a +0 ring mail and wearing a +1 kite shield of positive energy (55% to hit)
You throw a throwing net.
The throwing net misses the tengu warrior.
The tengu warrior is struck by your spines.
The tengu warrior hits you with a +0 long sword!
* * * LOW HITPOINT WARNING * * *
The tengu warrior pecks you.
You die...
Kikubaaqudgha rasps: "You have failed me!
Welcome... death!"

# #. #<.
#...##############
..(....CQ@........
.....)..##########
.......<#
........#
........#
$....Q...
.........
......(...
######...#


You could see a tengu warrior and a cyclops.

Vanquished Creatures
  A fire dragon (D:10)
  A boulder beetle (D:10)
  A two-headed ogre (D:11)
  A centaur warrior (D:10)
  A tengu warrior (D:12)
  A skeletal warrior (D:10)
  A manticore (D:11)
  Joseph (D:8)
  Maggie (D:8)
  A gargoyle (D:11)
  A kobold demonologist (D:10)
  A komodo dragon (D:10)
  4 trolls
  2 hornets
  Sigmund (D:2)
  4 shadows
  3 wraiths
  5 yaks
  Eustachio (D:4)
  A wyvern (D:11)
  Grum (D:8)
  5 vampire mosquitoes
  2 steam dragons
  3 acid dragons (D:10)
  A water moccasin (D:7)
  Duvessa (D:4)
  6 orc warriors
  2 black bears
  An ogre (D:5)
  4 ice beasts
  A wolf (D:8)
  3 centaurs
  6 phantoms
  2 kobold brigands
  6 bullfrogs
  4 scorpions
  3 gnoll sergeants
  5 wights (D:6)
  Dowan (D:4)
  5 killer bees (D:11)
  3 howler monkeys
  14 hounds
  3 gnoll boudas
  3 orc priests
  Ijyb (D:4)
  Natasha (D:4)
  An iguana (D:5)
  5 orc wizards
  21 gnolls
  7 adders
  A white imp (D:6)
  2 ufetubi (D:5)
  A worm (D:4)
  A dart slug (D:1)
  16 orcs
  9 ball pythons
  6 bats
  7 endoplasms
  3 giant cockroaches
  8 goblins
  9 hobgoblins
  10 jackals
  3 quokkas
  2 frilled lizards
  8 kobolds
  5 rats
245 creatures vanquished.

Vanquished Creatures (others)
  An unseen horror (D:10)
  A vampire mosquito zombie (D:10)
  A troll zombie (D:10)
  A jelly (D:8)
  A kobold zombie (D:10)
  A kobold (D:9)
  3 plants (D:10)
9 creatures vanquished.

Grand Total: 254 creatures vanquished

Notes
Turn   | Place    | Note
-------+----------+-------------------------------------------
     0 | D:1      | Newt the Demonspawn Gladiator began the quest for the Orb.
     0 | D:1      | Reached XP level 1. HP: 16/16 MP: 1/1
   109 | D:1      | Reached skill level 1 in Stealth
   175 | D:1      | Discovered your monstrous ancestry.
   175 | D:1      | Gained mutation: Your touch may inflict minor irresistible
                  | damage on your foes. [demonic ancestry]
   175 | D:1      | Reached XP level 2. HP: 21/22 MP: 2/2
   759 | D:1      | Gained mutation: Your touch may inflict irresistible damage
                  | on your foes. [demonic ancestry]
   759 | D:1      | Reached XP level 3. HP: 14/28 MP: 3/3
  1397 | D:2      | Noticed Sigmund
  2774 | D:2      | Killed Sigmund
  2775 | D:2      | Reached skill level 1 in Armour
  2775 | D:2      | Gained mutation: You have a pair of small antennae on your
                  | head. [demonic ancestry]
  2775 | D:2      | Reached XP level 4. HP: 30/37 MP: 4/4
  2775 | D:2      | Gained mutation: You have large cloven feet. [demonic
                  | ancestry]
  2775 | D:2      | Reached XP level 5. HP: 34/42 MP: 5/5
  4328 | D:4      | Gained mutation: You are partially covered in sharp spines.
                  | [demonic ancestry]
  4328 | D:4      | Reached XP level 6. HP: 48/48 MP: 6/6
  4447 | D:4      | Noticed Eustachio
  4456 | D:4      | Killed Eustachio
  4565 | D:4      | Identified the +5 trident of Peril {vorpal, rPois SInv}
  4780 | D:4      | Reached skill level 1 in Shields
  4822 | D:4      | Noticed Natasha
  4826 | D:4      | Killed Natasha
  5011 | D:4      | Noticed Ijyb
  5017 | D:4      | Paralysed by Ijyb for 3 turns
  5021 | D:4      | Killed Ijyb
  5022 | D:4      | Gained mutation: You have hoof-like feet. [demonic
                  | ancestry]
  5022 | D:4      | Reached XP level 7. HP: 49/54 MP: 7/7
  5287 | D:4      | Noticed Dowan
  5290 | D:4      | Noticed Duvessa
  5298 | D:4      | Killed Duvessa
  5301 | D:4      | Killed Dowan
  5302 | D:4      | Reached skill level 1 in Polearms
  5925 | D:5      | Entered Level 5 of the Dungeon
  5941 | D:5      | Reached skill level 2 in Polearms
  5947 | D:5      | Reached skill level 3 in Polearms
  5950 | D:5      | Gained mutation: Your demonic aura sometimes causes spilled
                  | blood to erupt in flames. [demonic ancestry]
  5950 | D:5      | Reached XP level 8. HP: 56/60 MP: 8/8
  6023 | D:5      | Reached skill level 4 in Polearms
  6148 | D:5      | Reached skill level 5 in Polearms
  6270 | D:5      | Reached skill level 6 in Polearms
  6934 | D:5      | Found a staircase to the Ecumenical Temple.
  6943 | Temple   | Entered the Ecumenical Temple
  6996 | Temple   | Became a worshipper of Kikubaaqudgha
  7078 | D:6      | Reached skill level 7 in Polearms
  7097 | D:6      | Reached XP level 9. HP: 33/65 MP: 9/9
  7543 | D:6      | Found a basalt altar of Yredelemnul.
  7544 | D:6      | Found a bloodstained altar of Trog.
  7545 | D:6      | Found a broken altar of Ashenzari.
  7547 | D:6      | Found a hazy altar of Hepliaklqana.
  7602 | D:6      | Reached skill level 8 in Polearms
  7653 | D:6      | Reached skill level 1 in Necromancy
  7655 | D:6      | Found Epiup's Distillery.
  7848 | D:6      | Identified the +5 trident of the Building Mosquito {vamp,
                  | rPois Str+4 Dex+2}
  8518 | D:7      | Reached * piety under Kikubaaqudgha
  8518 | D:7      | Received a gift from Kikubaaqudgha
  8939 | D:8      | Reached skill level 5 in Necromancy
  8958 | D:8      | Found a staircase to the Lair.
  9000 | D:8      | Noticed Maggie
  9010 | D:8      | Killed Maggie
  9018 | D:8      | Learned a level 4 spell: Animate Dead
  9197 | D:8      | Noticed Grum
  9203 | D:8      | Killed Grum
  9388 | D:8      | Found Jitytajoi's Weapon Boutique.
  9517 | D:8      | Noticed Joseph
  9523 | D:8      | Killed Joseph
  9524 | D:8      | Reached skill level 5 in Spellcasting
  9524 | D:8      | Reached XP level 10. HP: 18/72 MP: 15/17
 10290 | D:8      | Reached ** piety under Kikubaaqudgha
 10291 | D:8      | Reached skill level 5 in Fighting
 11067 | D:9      | Found Arhiejycw's Overcharged Wands.
 11462 | D:10     | Entered Level 10 of the Dungeon
 11620 | D:10     | Found a staircase to the Orcish Mines.
 11732 | D:10     | Reached skill level 5 in Dodging
 11744 | D:10     | Noticed a skeletal warrior
 11870 | D:10     | Killed a skeletal warrior
 12173 | D:10     | Noticed a centaur warrior
 12179 | D:10     | Reached XP level 11. HP: 35/84 MP: 18/18
 12190 | D:10     | Killed a centaur warrior
 12191 | D:10     | Reached skill level 9 in Polearms
 12488 | D:10     | Noticed a fire dragon
 12498 | D:10     | Killed a fire dragon
 12727 | D:10     | Found a radiant altar of Vehumet.
 12732 | D:10     | Found a hide-covered altar of Uskayaw.
 12737 | D:10     | Reached skill level 10 in Polearms
 12836 | D:10     | Found Uratreucs's Weapon Shoppe.
 12933 | D:10     | Noticed a boulder beetle
 12950 | D:10     | Killed a boulder beetle
 13561 | D:11     | Reached skill level 5 in Throwing
 13564 | D:11     | Reached *** piety under Kikubaaqudgha
 13564 | D:11     | Received a gift from Kikubaaqudgha
 13780 | D:11     | Reached skill level 5 in Armour
 13909 | D:11     | Noticed a centaur warrior
 13921 | D:11     | Noticed a two-headed ogre
 13933 | D:11     | Killed a two-headed ogre
 13939 | D:11     | Noticed a two-headed ogre
 13962 | D:12     | HP: 1/84 [orc warrior/+1 glaive of protection (13)]
 13969 | D:12     | Noticed a tengu warrior
 13977 | D:12     | Noticed a tengu warrior
 13993 | D:12     | Killed a tengu warrior
 13994 | D:12     | Slain by a tengu warrior

Illustrated notes

Levels and vault maps discovered:
D:1:      scummos_arrival_checkerplants, layout_basic,
          dreamdust_princess_corridor, solitary_fountain, grunt_decor_fettered,
          serial_park_tiny_1
D:2:      layout_basic, minmay_misc_feat_five, moated_statue, st_stairs_2,
          uniq_sigmund
D:3:      layout_basic, serial_rivers, chequers_serial_rivers_micro_a,
          chequers_serial_rivers_small_b, chequers_serial_rivers_room_a,
          chequers_serial_rivers_large_b, chequers_serial_rivers_micro_b
D:4:      layout_basic, grunt_ministairs_3, uniq_duvessa, uniq_eustachio,
          uniq_natasha, uniq_ijyb
D:5:      layout_cave_pools, lemuel_temple_firewalk_b, corexii_corridor_pit
D:6:      layout_loops_cross, mainiacjoe_overflow_alcove_3, serial_shops,
          nicolae_shop_stone, nicolae_sextant, chequers_decorated_corner
D:7:      layout_basic
D:8:      layout_cave_pools, lair_entry_dummy, serial_gnoll_camp,
          gnoll_camp_mini_house, gnoll_camp_mini_hut, gnoll_camp_medium_01,
          grums_kennel, gnoll_camp_mini_house, gnoll_camp_mini_shop,
          uniq_joseph, uniq_maggie
D:9:      layout_long_grid, nicolae_shop_overcharged_wands
D:10:     nzn_winding_woodlands_three_and_one
          [nzn_winding_woodlands_5x15_crooked,
          nzn_winding_woodlands_5x15_pathside_ponds,
          nzn_winding_woodlands_5x15_split_checker,
          nzn_winding_woodlands_center_pierced_h], layout_gridville,
          nicolae_overflow_squiral, serial_shops,
          nicolae_shop_bloodbath_and_beyond
D:11:     layout_roguey, minmay_mirror_moons_of_madness
D:12:     layout_long_grid, nicolae_qazlal_style_of_elements, uniq_josephine
Temple:   nicolae_temple_x_marks_the_god

Skill      XL: |  1  2  3  4  5  6  7  8  9 10 11 |
---------------+----------------------------------+-----
Stealth        | 1 2 |  2.0
Fighting       | 4 7 |  7.0
Short Blades   | 4 |  4.0
Armour         | 1 2 4 7 |  7.1
Shields        | 1 4 |  4.0
Polearms       | 3 7 8 10 | 10.0
Necromancy     | 6 |  6.0
Spellcasting   | 5 |  5.0
Dodging        | 6 |  6.0
Throwing       | 5 |  5.0

Action                   |  1- 3 |  4- 6 |  7- 9 | 10-12 || total
-------------------------+-------+-------+-------+-------++-------
Melee: Rapier            |    96 |    31 |       |       ||   127
       Touch             |    10 |     9 |     6 |    52 ||    77
       Punch             |     1 |       |       |     5 ||     6
       Kick              |       |     9 |       |       ||     9
       Trident           |       |    13 |   187 |   302 ||   502
       Whip              |       |     6 |       |       ||     6
Throw: Throwing net      |     1 |       |       |    13 ||    14
 Cast: Animate Dead      |       |       |       |     1 ||     1
Invok: Unearth Wretches  |       |       |       |     1 ||     1
  Use: Scroll            |     3 |     4 |     8 |     8 ||    23
       Potion            |       |       |     1 |     4 ||     5
 Stab: Sleeping          |     6 |     5 |    11 |     4 ||    26
       Distracted        |       |     1 |       |     1 ||     2
       Paralysed         |       |       |       |     1 ||     1
       Held in net/web   |       |       |       |     1 ||     1
Armor: Leather armour    |    35 |     8 |    25 |     8 ||    76
       Steam dragon scal |       |       |       |    33 ||    33
       Troll leather arm |       |       |       |     5 ||     5
Dodge: Dodged            |    74 |    10 |    61 |   148 ||   293
Block: Buckler           |       |       |    15 |       ||    15

Table legend: (Time is in decaauts)
 A = Elapsed time spent in this place.
 B = Non-inter-level travel time spent in this place.
 C = Inter-level travel time spent in this place.
 D = Time resting spent in this place.
 E = Time spent auto-exploring this place.
 F = Levels seen in this place.
 G = Mean time per level.
                   A        B        C        D        E       F      G
               +--------+--------+--------+--------+--------+-----+--------+
         Total |  13998 |  13535 |    463 |   3456 |   8526 |  13 | 1076.8 |
       Dungeon |  13938 |  13483 |    455 |   3456 |   8480 |  12 | 1161.5 |
        Temple |     59 |     51 |      8 |      0 |     46 |   1 |   59.0 |
               +--------+--------+--------+--------+--------+-----+--------+

Top non-repeatable levels by time:
     D:1: 2443 daAuts
    D:10: 1692 daAuts
     D:4: 1660 daAuts
     D:8: 1368 daAuts
     D:6: 1165 daAuts
     D:5: 1089 daAuts
     D:7: 1057 daAuts
     D:3: 951 daAuts
     D:2: 922 daAuts
     D:9: 864 daAuts
    D:11: 687 daAuts
  Temple: 59 daAuts
    D:12: 37 daAuts
